 Dungeon Crawl Stone Soup version 0.18.1-6-gd335043 (webtiles) character file.

95 Enish the Poker (level 4, -11/33 HPs)
             Began as a Merfolk Warper on May 16, 2016.
             Killed by nerve-wracking pain
             ... invoked by a shadow imp
             ... summoned by Natasha
              (14 damage)
             ... on level 3 of the Dungeon.
             The game lasted 00:08:11 (2768 turns).

Enish the Poker (Merfolk Warper)                    Turns: 2768, Time: 00:08:11

Health: -11/33     AC:  3    Str: 12    XL:     4   Next: 66%
Magic:  6/7        EV: 11    Int: 12    God:
Gold:   119        SH:  3    Dex: 13    Spells: 3 memorised, 2 levels left

rFire  . . .     SeeInvis .     a - +0 spear
rCold  . . .     Gourm    .     l - +0 leather armour
rNeg   . . .     Faith    .     o - +0 buckler
rPois  .         Spirit   .     i - +0 hat
rElec  .         Dismiss  .     (no cloak)
rCorr  .         Reflect  .     (no gloves)
SustAt .         Harm     .     (no boots)
MR     .....                    (no amulet)
Stlth  +.........               (no ring)
                                q - ring of wizardry

@: about to teleport, slowed, very slow, not resistant to hostile enchantments,
very unstealthy
A: change form in water, swift swim
a: no special abilities


You were on level 3 of the Dungeon.
You were hungry.

You visited 1 branch of the dungeon, and saw 3 of its levels.

You collected 119 gold pieces.

Inventory:

Hand Weapons
 a - a +0 spear (weapon)
 b - a +0 hunting sling
Missiles
 e - 5 tomahawks of dispersal
 j - 11 poisoned needles
 k - 83 stones
 n - 19 sling bullets
 r - 7 tomahawks (quivered)
Armour
 i - a +0 hat (worn)
 l - a +0 leather armour (worn)
 o - a +0 buckler (worn)
Jewellery
 q - a ring of wizardry (left hand)
Scrolls
 d - a scroll of blinking
 g - 2 scrolls of remove curse
 p - a scroll of amnesia {unknown}
Books
 c - a book of Spatial Translocations

   Spells                             Type                      Level
   a - Apportation                    Translocation                1
   b - Blink                          Translocation                2
   c - Shroud of Golubria             Charms/Translocation         2
   d - Portal Projectile              Translocation                3
   e - Teleport Other                 Translocation                3
   f - Passage of Golubria            Translocation                4
Comestibles
 f - 3 bread rations
 h - 3 fruits


   Skills:
 - Level 2.1 Fighting
 + Level 5.9 Polearms
 * Level 1.0 Throwing
 - Level 0.6 Armour
 - Level 2.6 Dodging
 - Level 2.4 Spellcasting
 - Level 2.7 Translocations


You had 2 spell levels left.
You knew the following spells:

 Your Spells              Type           Power        Failure   Level  Hunger
a - Apportation           Tloc           #.........   9%          1    ##.....
b - Blink                 Tloc           N/A          14%         2    ###....
c - Shroud of Golubria    Chrm/Tloc      #.........   22%         2    ###....


Dungeon Overview and Level Annotations

Branches:
Dungeon (3/15)

Altars:

Annotations:
D:1 exclusion: downstairs
D:3 Natasha


Message History

You completely miss Natasha.
Natasha is heavily wounded.
Your shroud bends the crimson imp's attack away.
The shadow imp hits you.
Your shroud falls apart!
Natasha claws you.
* * * LOW HITPOINT WARNING * * *
The crimson imp hits you.
* * * LOW HITPOINT WARNING * * *
Unknown command.
Read which item? (? for menu, Esc to quit)
As you read the scroll labeled VESHIF RAGUI, it crumbles to dust.
You feel strangely unstable.
It was a scroll of teleportation.
The shadow imp hits you.
* * * LOW HITPOINT WARNING * * *
Natasha barely misses you. The crimson imp closely misses you.
The shadow imp grins evilly.
The shadow imp gestures at you. Pain shoots through your body!
You die...

#.##.###.# #.##.#
#.######### #.#..#
#.......... #.#.##
###.####.# #.#.# #.#..#$#
#.#.# #.#..+.+
#####.#.######.#'##.####.#
#............#.5h5.......#
#.....#.####.#.#@##.####.#
........# #.#..#.#
#.#.##### #.#..+.+ #.#.#
#.####.# ..#.# #.. ..
..#.# ###### #.# h#
..#.###....# #. .#
....#...<#.# ..########.#


You could see Natasha, a crimson imp and a shadow imp.

Vanquished Creatures
  3 adders (D:2)
  A worm (D:2)
  5 dart slugs
  2 giant geckos (D:1)
  A ball python (D:2)
  2 giant cockroaches (D:2)
  9 hobgoblins
  3 jackals (D:1)
  3 kobolds
  9 bats
  2 giant newts
  6 goblins
  4 rats
50 creatures vanquished.

Notes
Turn   | Place    | Note
--------------------------------------------------------------
     0 | D:1      | Enish the Merfolk Warper began the quest for the Orb.
     0 | D:1      | Reached XP level 1. HP: 16/16 MP: 3/3
   401 | D:1      | Reached XP level 2. HP: 21/22 MP: 5/5
   475 | D:1      | Reached skill level 4 in Polearms
   758 | D:1      | Reached XP level 3. HP: 22/27 MP: 6/6
  1504 | D:1      | Learned a level 2 spell: Blink
  1520 | D:1      | Learned a level 2 spell: Shroud of Golubria
  1615 | D:2      | Reached skill level 5 in Polearms
  1615 | D:2      | Reached XP level 4. HP: 26/33 MP: 4/7
  2752 | D:3      | Noticed Natasha
  2768 | D:3      | Killed from afar by a shadow imp

Skill      XL: |  1  2  3 |
---------------+----------+-----
Polearms       | 4 5 |  5.9
Fighting       | |  2.1
Throwing       | |  1.0
Armour         | |  0.6
Dodging        | |  2.6
Spellcasting   | |  2.4
Translocations | |  2.7

Action                   |  1- 3 |  4- 6 || total
-------------------------+-------+-------++-------
Melee: Spear             |   121 |    52 ||   173
 Fire: Hunting sling     |       |    20 ||    20
Throw: Stone             |       |     4 ||     4
       Tomahawk          |       |     1 ||     1
 Cast: Shroud of Golubri |     2 |     2 ||     4
  Use: Potion            |     1 |       ||     1
       Scroll            |       |     2 ||     2
 Stab: Sleeping          |     1 |     1 ||     2
  Eat: Chunk             |     1 |     3 ||     4
       Pizza             |     1 |       ||     1
Armor: Leather armour    |    18 |    11 ||    29
Dodge: Dodged            |    68 |    24 ||    92
Block: Buckler           |       |     2 ||     2
